 Dungeon Crawl Stone Soup version 0.23-a0-344-ge122d05 (webtiles) character file.

373 galech the Chopper (level 6, 9/48 HPs)
             Began as a Demonspawn Fighter on Oct 19, 2018.
             Quit the game on level 3 of the Dungeon.
             The game lasted 00:03:12 (2122 turns).

galech the Chopper (Demonspawn Fighter)             Turns: 2122, Time: 00:03:12

Health: 9/48       AC: 17    Str: 16    XL:     6   Next: 43%
Magic:  4/6        EV:  2    Int:  9    God:
Gold:   75         SH:  8    Dex: 15    Spells: 5/5 levels left

rFire    . . .     SeeInvis .   a - +0 war axe
rCold    . . .     Gourm    .   c - +0 shield
rNeg     . . .     Faith    .   r - +0 plate armour
rPois    .         Spirit   +   (no helmet)
rElec    .         Reflect  .   i - scarf {Spirit}
rCorr    .         Harm     .   (no gloves)
MR       .....                  (no boots)
Stlth    ..........             (no amulet)
HPRegen  0.16/turn              (no ring)
MPRegen  0.10/turn              (no ring)

@: sanguine armour, heavily drained
A: talons 2, nightstalker 1, sanguine armour 1
a: no special abilities


You were on level 3 of the Dungeon.
You were not hungry.

You visited 1 branch of the dungeon, and saw 3 of its levels.

You collected 75 gold pieces.

Inventory:

Hand Weapons
 a - a +0 war axe (weapon)
Armour
 c - a +0 shield (worn)
 i - a scarf of spirit shield (worn)
 r - a +0 plate armour (worn)
Wands
 u - a wand of iceblast (10)
Scrolls
 b - a scroll of enchant weapon {unknown}
 g - 4 scrolls of teleportation {unknown}
 k - a scroll of amnesia {unknown}
 l - 2 scrolls of remove curse {unknown}
 n - a scroll of blinking {unknown}
 o - 2 scrolls of identify {unknown}
 q - a scroll of immolation {unknown}
 s - a scroll of magic mapping {unknown}
 t - a scroll of noise {unknown}
Potions
 d - 2 potions of might
 e - a potion of heal wounds {unknown}
 h - a potion of resistance {unknown}
 j - a potion of mutation {unknown}
 m - a potion of curing {unknown}
 p - a potion of agility {unknown}
Comestibles
 f - 2 rations


   Skills:
 + Level 4.1(2.7) Fighting
 + Level 4.4(3.1) Axes
 + Level 3.6(2.2) Armour
 + Level 1.1(0.0) Dodging
 + Level 3.4(2.0) Shields


You had 5 spell levels left.
You didn't know any spells.
Your spell library was empty.

Dungeon Overview and Level Annotations

Branches:
Dungeon (3/15)

Altars:


Innate Abilities, Weirdness & Mutations

You have razor-sharp toenails.
You are slightly more attuned to the shadows.
When seriously injured, your bleeding wounds create armour. (AC +6)


Message History

You block the wight's attack. The wight hits you but does no damage.
You slash the wight!
The wight is severely damaged.
You block the wight's attack.
You completely miss the wight.
The wight is severely damaged.
You block the wight's attack.
Your plate armour prevents you from hitting the wight.
You claw the wight.
The wight is severely damaged.
You block the wight's attack.
You slash the wight!
You destroy the wight!
Things that are here:
a cursed +0 great sword; a +0 robe
Items here: )) [[ a +2 battleaxe; a +0 robe; a +0 halberd; a +0 robe
Items here: )) [[ a +2 battleaxe; a +0 robe; a +0 halberd; a +0 robe Are you sure you want to abandon this character and quit the game? (Confirm

.....# ##.#......###
######.###.##.######
#.#)#
#.............#
#.#.#
#.#.###.#####.#
#>..# #...# #.#
#...# #.### #.#
#...# #)# #.#
#...#######.# #.#
#.).....@..# #.#
#....(..#### .#
#.......# ........##
.........#
..####.##.# ..
#.##.#


There were no monsters in sight!

Vanquished Creatures
  4 wights (D:3)
  2 orc priests
  An orc wizard (D:2)
  Terence (D:2)
  5 adders
  2 dart slugs
  2 orcs
  8 bats
  A bat skeleton (D:2)
  A bat zombie (D:2)
  3 giant cockroaches
  6 goblins
  5 hobgoblins
  5 kobolds
  A quokka (D:2)
  A ball python zombie (D:2)
  2 frilled lizards (D:2)
  2 giant cockroach zombies (D:2)
  9 rats
61 creatures vanquished.

Notes
Turn   | Place    | Note
-------+----------+-------------------------------------------
     0 | D:1      | galech the Demonspawn Fighter began the quest for the Orb.
     0 | D:1      | Reached XP level 1. HP: 18/18 MP: 1/1
   168 | D:1      | Gained mutation: When seriously injured, your bleeding
                  | wounds create armour. (AC +6) [demonic ancestry]
   168 | D:1      | Reached XP level 2. HP: 24/24 MP: 2/2
   672 | D:2      | Noticed Terence
   680 | D:2      | Killed Terence
   680 | D:2      | Gained mutation: You have sharp toenails. [demonic
                  | ancestry]
   680 | D:2      | Reached XP level 3. HP: 26/29 MP: 3/3
   775 | D:2      | Reached XP level 4. HP: 35/35 MP: 4/4
   791 | D:2      | Found a faded altar of an unknown god.
  1537 | D:2      | Gained mutation: You have razor-sharp toenails. [demonic
                  | ancestry]
  1537 | D:2      | Reached XP level 5. HP: 28/42 MP: 3/5
  2082 | D:3      | Gained mutation: You are slightly more attuned to the
                  | shadows. [demonic ancestry]
  2082 | D:3      | Reached XP level 6. HP: 19/48 MP: 1/6
  2092 | D:3      | Reached skill level 1 in Dodging
  2122 | D:3      | Quit the game

Vault maps used:
D:1:      minmay_arrival_doors
D:2:      chequers_ecumenical_altar_simple, serial_undead, serial_undead_a,
          serial_undead_c, serial_undead_b, serial_undead_e, serial_undead_d,
          serial_undead_f, minmay_heptomino_d4, uniq_terence
D:3:      minmay_door_square

Skill      XL: |  1  2  3  4  5  6 |
---------------+-------------------+-----
Axes           | 2 3 4 |  4.4
Armour         | 3 |  3.6
Shields        | 3 |  3.4
Fighting       | 4 |  4.1
Dodging        | 1 |  1.1

Action                   |  1- 3 |  4- 6 || total
-------------------------+-------+-------++-------
Melee: War axe           |    97 |   129 ||   226
       Kick              |     8 |    33 ||    41
  Eat: Chunk             |       |     4 ||     4
Armor: Scale mail        |    46 |       ||    46
       Chain mail        |    11 |    64 ||    75
       Plate armour      |       |    19 ||    19
Dodge: Dodged            |    31 |    18 ||    49
Block: Shield            |    43 |    65 ||   108

Table legend:
 A = Non-vault XP
 B = Vault XP
 C = Vault XP percentage of total XP
 D = Non-vault monster count
 E = Vault monster count
 F = Vault count percentage of total count
                 A         B        C        D         E       F
            +---------+---------+-------+---------+---------+-------
      Total |     471 |      62 |  11.6 |      51 |      10 |  16.4
            +---------+---------+-------+---------+---------+-------
        D:1 |      39 |       0 |   0.0 |      23 |       0 |   0.0
        D:2 |     130 |      62 |  32.3 |      16 |      10 |  38.5
        D:3 |     302 |       0 |   0.0 |      12 |       0 |   0.0
            +---------+---------+-------+---------+---------+-------
